[Event "November 21 Late 2023"]
[Site "https://www.chess.com"]
[Date "2023.11.21"]
[Round "7"]
[White "Bilan, Danila"]
[Black "Liu, Leonardo"]
[Result "1-0"]
[Board "83"]
[TimeControl "180+1"]
[WhiteFideId "24161918"]
[BlackFideId "30965780"]
[WhiteElo "2146"]
[BlackElo "2288"]
[WhiteTeam "RUS"]
[BlackTeam "USA"]
[WhiteClock "0:00:02"]
[BlackClock "0:00:11"]

1. d4 Nf6 2. Nf3 g6 3. Bg5 Bg7 4. c3 O-O 5. Nbd2 d6 6. e4 Nbd7 7. Bc4 c5 8. dxc5 Nxc5 9. Qc2 h6 10. Bh4 g5 11. Bg3 a6 12. a4 Bd7 13. e5 Ne8 14. exd6 Nxd6 15. O-O Bf5 16. Qd1 Nxc4 17. Nxc4 Bd3 18. Ne3 Bxf1 19. Qxf1 Ne4 20. Qc4 Nxg3 21. hxg3 e6 22. Rd1 Qe7 23. Qg4 Rfd8 24. Re1 Qd7 25. Qh5 Qxa4 26. Ng4 Rd1 27. Rxd1 Qxd1+ 28. Kh2 Qd3 29. Nge5 Bxe5 30. Nxe5 Qh7 31. Qf3 Rb8 32. Nd7 Qc2 33. Nxb8 Qxb2 34. Nd7 a5 35. Ne5 f5 36. Qd3 Qb6 37. Qd7 f4 38. Qf7+ Kh8 39. Ng6# 1-0

[Event "November 21 Late 2023"]
[Site "https://www.chess.com"]
[Date "2023.11.21"]
[Round "7"]
[White "Ventura Bolet, Maxim"]
[Black "Saim, Mohamed Ilias"]
[Result "1-0"]
[Board "85"]
[TimeControl "180+1"]
[WhiteFideId "22238824"]
[BlackFideId "7900465"]
[WhiteElo "2227"]
[BlackElo "2063"]
[WhiteTeam "ESP"]
[BlackTeam "ALG"]
[WhiteClock "0:02:09"]
[BlackClock "0:01:07"]

1. Nf3 d5 2. g3 Nf6 3. Bg2 e6 4. O-O c6 5. d3 Be7 6. Nbd2 O-O 7. e4 b5 8. e5 Nfd7 9. Re1 Qc7 10. Nf1 c5 11. h4 Nc6 12. Bf4 a5 13. Ne3 Qb6 14. h5 h6 15. Ng4 Rd8 16. Qd2 Bf8 17. Nxh6+ gxh6 18. Bxh6 Be7 19. Qf4 Kh7 20. Qxf7+ Kxh6 21. Qg6# 1-0

[Event "November 21 Late 2023"]
[Site "https://www.chess.com"]
[Date "2023.11.21"]
[Round "7"]
[White "Hansen, Sune Berg"]
[Black "Yushko, Olga"]
[Result "1-0"]
[Board "86"]
[TimeControl "180+1"]
[WhiteFideId "1400266"]
[BlackFideId "14114500"]
[WhiteElo "2691"]
[BlackElo "2028"]
[WhiteTeam "DEN"]
[BlackTeam "UKR"]
[WhiteClock "0:01:01"]
[BlackClock "0:01:15"]

1. e4 e6 2. d3 d5 3. Nd2 Nf6 4. Ngf3 c5 5. g3 Nc6 6. Bg2 Be7 7. O-O O-O 8. a4 Qc7 9. Re1 Bd7 10. e5 Ng4 11. Qe2 f6 12. exf6 Bxf6 13. c3 Rae8 14. h3 Nh6 15. Nf1 e5 16. Bxh6 gxh6 17. Ne3 Ne7 18. Nh2 Bc6 19. Qh5 Bg7 20. Nhg4 Qd6 21. c4 d4 22. Nd5 Nxd5 23. Bxd5+ Bxd5 24. cxd5 Qg6 25. Qxg6 hxg6 26. Rac1 b6 27. b4 h5 28. Nh2 Rc8 29. bxc5 bxc5 30. Kg2 Rf7 31. Nf3 Re7 32. Nxd4 Rd7 33. Nc6 Re8 34. Rxc5 Kf7 35. Ra5 Red8 36. Nxd8+ Rxd8 37. Rxa7+ Kf6 38. Ra6+ Kf5 39. d6 Bf8 40. g4+ hxg4 41. hxg4+ Kxg4 42. Rxe5 Bxd6 43. Rd5 1-0

[Event "November 21 Late 2023"]
[Site "https://www.chess.com"]
[Date "2023.11.21"]
[Round "7"]
[White "Wu, Derek"]
[Black "Melikhov, Evgeny V."]
[Result "1-0"]
[Board "87"]
[TimeControl "180+1"]
[WhiteFideId "30914558"]
[BlackFideId "4122046"]
[WhiteElo "2211"]
[BlackElo "2165"]
[WhiteTeam "USA"]
[BlackTeam "GRE"]
[WhiteClock "0:00:29"]
[BlackClock "0:00:02"]

1. e4 e5 2. Nf3 Nc6 3. Bb5 a6 4. Ba4 Nf6 5. O-O Nxe4 6. d4 b5 7. Bb3 d5 8. dxe5 Be6 9. Qe2 Be7 10. Rd1 O-O 11. c4 bxc4 12. Bxc4 Bc5 13. Be3 Bxe3 14. Qxe3 Qb8 15. Bb3 Na5 16. Nbd2 Qa7 17. Nxe4 Qxe3 18. fxe3 Nxb3 19. axb3 dxe4 20. Nd4 c5 21. Nxe6 fxe6 22. Rd6 Rab8 23. Ra3 c4 24. Rxe6 cxb3 25. Rexa6 Rbc8 26. h4 Rc2 27. e6 Rxb2 28. Ra8 Ra2 29. Rxa2 bxa2 30. Rxa2 Re8 31. Ra6 g6 32. Kf2 Kg7 33. Kg3 Kf6 34. Kf4 h6 35. Kxe4 g5 36. h5 Rb8 37. e7+ Kxe7 38. Rxh6 Rb4+ 39. Kf5 g4 40. Rg6 Rb3 41. Rxg4 Kf7 42. Re4 Kg7 43. g4 Kh6 44. Re6+ Kg7 45. g5 1-0

[Event "November 21 Late 2023"]
[Site "https://www.chess.com"]
[Date "2023.11.21"]
[Round "7"]
[White "Deng, Henry"]
[Black "Gutkin, Ilya"]
[Result "1-0"]
[Board "88"]
[TimeControl "180+1"]
[WhiteFideId "30965454"]
[BlackFideId "16203470"]
[WhiteElo "2551"]
[BlackElo "2248"]
[WhiteTeam "USA"]
[BlackTeam "GER"]
[WhiteClock "0:01:00"]
[BlackClock "0:00:00"]

1. e4 e5 2. Nf3 Nc6 3. Bc4 Nf6 4. d3 Bc5 5. Nc3 h6 6. O-O O-O 7. Be3 d6 8. Bxc5 dxc5 9. Nd5 Bg4 10. h3 Bxf3 11. Qxf3 Nd4 12. Qd1 c6 13. Nxf6+ Qxf6 14. c3 Ne6 15. a4 Rad8 16. Qe2 Nf4 17. Qf3 Qg5 18. Kh2 Rd6 19. g3 Ng6 20. Rad1 Rf6 21. Qe3 Qxe3 22. fxe3 Rxf1 23. Rxf1 Ne7 24. b4 cxb4 25. cxb4 Nc8 26. d4 Nd6 27. Bd3 Re8 28. Re1 f5 29. exf5 exd4 30. e4 Nf7 31. Bc4 Re5 32. Kg2 Kf8 33. Bxf7 Kxf7 34. Kf3 c5 35. bxc5 Rxc5 36. Rd1 Rc4 37. a5 Ra4 38. Rb1 Rxa5 39. Rxb7+ Kf8 40. Rd7 1-0

[Event "November 21 Late 2023"]
[Site "https://www.chess.com"]
[Date "2023.11.21"]
[Round "7"]
[White "Zakarian, David"]
[Black "RodokininEV"]
[Result "0-1"]
[Board "89"]
[TimeControl "180+1"]
[WhiteFideId "13301276"]
[WhiteElo "2286"]
[BlackElo "2508"]
[WhiteTeam "ARM"]
[WhiteClock "0:00:16"]
[BlackClock "0:01:36"]

1. d4 Nf6 2. c4 g6 3. h4 d5 4. cxd5 Nxd5 5. h5 Bg7 6. e4 Nb6 7. d5 O-O 8. Nc3 c6 9. Be2 cxd5 10. exd5 N8d7 11. Bf3 Nf6 12. h6 Bh8 13. Bf4 Ne8 14. Nge2 Nd6 15. O-O Nbc4 16. b3 Ne5 17. Be4 f5 18. Bc2 Bf6 19. Qd2 Ndf7 20. Rad1 g5 21. Be3 f4 22. Bd4 Nxh6 23. Nxf4 gxf4 24. Qxf4 Nef7 25. Ne4 Bxd4 26. Rxd4 Nf5 27. Ng5 Nxd4 28. Bxh7+ Kg7 29. Bd3 Qd6 30. Qxd4+ Qf6 31. Qxf6+ exf6 32. Nf3 Ne5 0-1

[Event "November 21 Late 2023"]
[Site "https://www.chess.com"]
[Date "2023.11.21"]
[Round "7"]
[White "Rios Escobar, Adan"]
[Black "a-z30"]
[Result "1-0"]
[Board "90"]
[TimeControl "180+1"]
[WhiteFideId "3403645"]
[WhiteElo "2401"]
[BlackElo "2488"]
[WhiteTeam "CHI"]
[WhiteClock "0:00:46"]
[BlackClock "0:00:08"]

1. Nf3 d6 2. c4 Nf6 3. Nc3 g6 4. e4 Bg7 5. d4 O-O 6. Bd3 c5 7. d5 e6 8. h3 Re8 9. Be3 a6 10. a4 Nbd7 11. O-O exd5 12. exd5 Ne5 13. Nxe5 Rxe5 14. Bf4 Re8 15. Qd2 Qb6 16. a5 Qc7 17. Na4 Bd7 18. Nb6 Rad8 19. Rfe1 Nh5 20. Bg5 Bf6 21. g4 Bxg5 22. Qxg5 Ng7 23. h4 Rxe1+ 24. Rxe1 Re8 25. Rxe8+ Bxe8 26. h5 gxh5 27. gxh5 f6 28. Qxf6 Bxh5 29. Qh6 Bg6 30. Bxg6 hxg6 31. Qxg6 Qe7 32. Nc8 Qe1+ 33. Kg2 Qe5 34. Nxd6 Kh8 35. Nf7+ 1-0

[Event "November 21 Late 2023"]
[Site "https://www.chess.com"]
[Date "2023.11.21"]
[Round "7"]
[White "hristos03"]
[Black "Pourkashiyan, Atousa"]
[Result "0-1"]
[Board "91"]
[TimeControl "180+1"]
[BlackFideId "12502014"]
[WhiteElo "2387"]
[BlackElo "2221"]
[BlackTeam "USA"]
[WhiteClock "0:00:00"]
[BlackClock "0:01:16"]

1. e4 c5 2. Nf3 e6 3. d4 cxd4 4. Nxd4 a6 5. c4 Nf6 6. Nc3 Qc7 7. a3 b6 8. Be3 Bb7 9. f3 d6 10. Be2 Nbd7 11. O-O Be7 12. a4 O-O 13. a5 bxa5 14. Nb3 Rab8 15. Nxa5 Ba8 16. Qd2 Nc5 17. Kh1 Rfd8 18. Rfb1 d5 19. cxd5 exd5 20. Bf4 Bd6 21. Bxd6 Qxd6 22. exd5 Nxd5 23. Nxd5 Bxd5 24. b4 Ne6 25. Qe1 h6 26. Nc4 Qf4 27. Na3 Bb7 28. Qg3 Qf6 29. Bf1 Nd4 30. Nc4 Bd5 31. Ne3 Bb7 32. Ng4 Qg6 33. Ne5 Qxg3 34. hxg3 Re8 35. Ng4 Nxf3 0-1

[Event "November 21 Late 2023"]
[Site "https://www.chess.com"]
[Date "2023.11.21"]
[Round "7"]
[White "Jesseinkman"]
[Black "TheAlienParty"]
[Result "0-1"]
[Board "92"]
[TimeControl "180+1"]
[WhiteElo "2480"]
[BlackElo "2379"]
[WhiteClock "0:00:00"]
[BlackClock "0:00:01"]

1. d4 Nf6 2. Nf3 e6 3. e3 d5 4. b3 c5 5. Bb2 Nc6 6. Bd3 cxd4 7. exd4 Bd6 8. O-O O-O 9. a3 Qc7 10. Qe2 b6 11. Ne5 Bb7 12. Nd2 Ne7 13. f4 Rae8 14. g4 g6 15. g5 Nh5 16. Rae1 Nf5 17. Bxf5 exf5 18. Qd3 Bc8 19. c4 Be6 20. Rc1 Qb7 21. c5 bxc5 22. dxc5 Be7 23. c6 Qc7 24. b4 f6 25. gxf6 Nxf6 26. Qd4 Bd6 27. Ndf3 Rb8 28. Ng5 Bc8 29. h4 Qg7 30. Nd3 h6 31. Nf3 Nh5 32. Qxg7+ Nxg7 33. Bd4 a5 34. Ba7 Ra8 35. Bd4 axb4 36. axb4 Ba6 37. Rfd1 Ne6 38. Be5 Rfd8 39. c7 Rd7 40. Bxd6 Rxd6 41. b5 Bc8 42. Nfe5 Kg7 43. Kf2 Bb7 44. Nc5 Nxc5 45. Rxc5 Kf6 46. Rdc1 Bc8 47. Ke3 Ke7 48. Rc6 d4+ 49. Kd2 g5 50. b6 Bb7 51. Rxd6 Kxd6 52. hxg5 hxg5 53. Nf7+ Kd5 54. Nxg5 Ra6 55. c8=Q Bxc8 56. Rxc8 Rxb6 57. Rd8+ Kc4 58. Rc8+ Kd5 59. Rd8+ Kc4 60. Nf3 Rb2+ 61. Ke1 Ra2 62. Rxd4+ Kc3 63. Rd8 Ra4 64. Rc8+ Kd3 65. Ne5+ Ke3 66. Ng6 Ra1+ 0-1

[Event "November 21 Late 2023"]
[Site "https://www.chess.com"]
[Date "2023.11.21"]
[Round "7"]
[White "Bugayev, Vladimir"]
[Black "BM223344"]
[Result "0-1"]
[Board "93"]
[TimeControl "180+1"]
[WhiteFideId "30901480"]
[WhiteElo "2375"]
[BlackElo "2478"]
[WhiteTeam "USA"]
[WhiteClock "0:00:00"]
[BlackClock "0:00:20"]

1. e4 e6 2. d4 d5 3. Bd3 Nf6 4. e5 Nfd7 5. Ne2 c5 6. c3 Nc6 7. a3 Be7 8. O-O O-O 9. Bc2 f5 10. exf6 Nxf6 11. dxc5 Bxc5 12. Nd2 e5 13. Ng3 Bg4 14. Qe1 e4 15. Nb3 Bb6 16. Be3 Ne5 17. Nd4 Nc4 18. Bc1 Rc8 19. h3 Bd7 20. b3 Bxd4 21. cxd4 Nd6 22. Bd1 Qb6 23. Be3 Bb5 24. Be2 Rc2 25. Bxb5 Qxb5 26. Qb4 Qxb4 27. axb4 Nb5 28. Nf5 g6 29. Nh6+ Kg7 30. Ng4 Nxg4 31. hxg4 Rfc8 32. Bf4 Rb2 33. Be5+ Kg8 34. Rfc1 Rxc1+ 35. Rxc1 Rxb3 36. Rc5 a6 37. Rxd5 Rxb4 38. Rd8+ Kf7 39. Rd7+ Ke6 40. Rxb7 Rb1+ 41. Kh2 h5 42. Rb6+ Kd5 43. Rxa6 hxg4 44. Rxg6 Rb2 45. Rb6 Kc4 46. Rc6+ Kd3 47. Kg3 Rb3 48. Kxg4 Nc3 49. Rd6 Nd1 50. f4 e3 51. f5 e2 52. Bg3 Kd2 53. Bh4 Ne3+ 54. Kg5 Nxg2 55. Bf2 Rf3 56. Re6 Rxf2 57. f6 Ne3 0-1

[Event "November 21 Late 2023"]
[Site "https://www.chess.com"]
[Date "2023.11.21"]
[Round "7"]
[White "Musalov, Ruslan"]
[Black "Ward, Ieuan C"]
[Result "1-0"]
[Board "94"]
[TimeControl "180+1"]
[WhiteFideId "4141490"]
[BlackFideId "406627"]
[WhiteElo "2268"]
[BlackElo "2367"]
[WhiteTeam "RUS"]
[BlackTeam "ENG"]
[WhiteClock "0:02:20"]
[BlackClock "0:01:11"]

1. e4 c5 2. d4 cxd4 3. c3 dxc3 4. Nxc3 Nc6 5. Nf3 d6 6. Bc4 a6 7. O-O Nf6 8. h3 e6 9. Qe2 Be7 10. Rd1 e5 11. Bg5 O-O 12. Qd2 Be6 13. Bxf6 gxf6 14. Nd5 Bxd5 15. Bxd5 Qb6 16. Qh6 Rfd8 17. Nh4 Bf8 18. Qxf6 Rd7 19. Rd3 Ne7 20. Bxf7# 1-0

[Event "November 21 Late 2023"]
[Site "https://www.chess.com"]
[Date "2023.11.21"]
[Round "7"]
[White "liwadas82"]
[Black "Romero Ruscalleda, Josep"]
[Result "1-0"]
[Board "95"]
[TimeControl "180+1"]
[BlackFideId "2231859"]
[WhiteElo "2453"]
[BlackElo "2183"]
[BlackTeam "ESP"]
[WhiteClock "0:00:45"]
[BlackClock "0:01:16"]

1. e4 g6 2. d4 Bg7 3. Nc3 d6 4. Be3 a6 5. f3 b5 6. a4 b4 7. Na2 a5 8. c3 bxc3 9. bxc3 Nf6 10. Bd3 O-O 11. Ne2 Ba6 12. Nac1 Nbd7 13. O-O e5 14. Bxa6 Rxa6 15. Nd3 Re8 16. d5 Nh5 17. c4 f5 18. c5 Nhf6 19. c6 Nf8 20. Nc3 f4 21. Bf2 g5 22. Rb1 h5 23. Rb7 g4 24. Bh4 Ng6 25. Bg5 Qe7 26. Nb5 Rc8 27. fxg4 hxg4 28. Bxf6 Qxf6 29. Qxg4 Ne7 30. Rxc7 Rxc7 31. Nxc7 Rb6 32. Ne6 Rb3 33. Nf2 Kf7 34. Rc1 Bh6 35. Nh3 f3 36. Nhg5+ Kg6 37. Nxf3+ Kh7 38. Nfg5+ Kg6 39. Rf1 Qxg5 40. Nxg5 Bxg5 41. h4 1-0

[Event "November 21 Late 2023"]
[Site "https://www.chess.com"]
[Date "2023.11.21"]
[Round "7"]
[White "Jarocka, Liwia"]
[Black "Gurevich, Dmitry"]
[Result "0-1"]
[Board "96"]
[TimeControl "180+1"]
[WhiteFideId "21807558"]
[BlackFideId "2000407"]
[WhiteElo "2001"]
[BlackElo "2506"]
[WhiteTeam "POL"]
[BlackTeam "USA"]
[WhiteClock "0:00:26"]
[BlackClock "0:00:59"]

1. e4 c5 2. Nf3 d6 3. d4 cxd4 4. Nxd4 Nf6 5. Nc3 Nc6 6. f3 Nxd4 7. Qxd4 g6 8. Be3 Bg7 9. Qd2 O-O 10. Bc4 Be6 11. Bb3 Bxb3 12. axb3 a6 13. O-O Rc8 14. Rfc1 Qc7 15. Ra2 e6 16. Bf4 Rfd8 17. Rd1 Qc5+ 18. Kh1 d5 19. Be5 Rd7 20. Bd4 Qc7 21. Bxf6 Bxf6 22. exd5 Bxc3 23. bxc3 Rxd5 24. Qe2 Rxd1+ 25. Qxd1 Qxc3 26. h3 Rc5 27. Qd8+ Kg7 28. Qh4 Rd5 29. Qg3 h5 30. Kh2 Rd2 31. Ra4 Rxc2 32. Rh4 Qb2 33. Rxh5 Rxg2+ 34. Qxg2 Qxg2+ 35. Kxg2 gxh5 0-1

[Event "November 21 Late 2023"]
[Site "https://www.chess.com"]
[Date "2023.11.21"]
[Round "7"]
[White "YouShallNotPass001"]
[Black "Maect19"]
[Result "1-0"]
[Board "97"]
[TimeControl "180+1"]
[WhiteElo "2439"]
[BlackElo "2348"]
[WhiteClock "0:00:07"]
[BlackClock "0:00:00"]

1. Nf3 d5 2. e3 Nf6 3. Be2 c6 4. O-O Bf5 5. d4 Nbd7 6. Nh4 Bg6 7. Nd2 e6 8. c4 Bd6 9. g3 O-O 10. Nxg6 hxg6 11. b4 a5 12. c5 Bc7 13. b5 e5 14. a4 exd4 15. exd4 Re8 16. Nb3 Ne4 17. Bd2 Qf6 18. b6 Nxd2 19. Qxd2 Bd8 20. Bg4 Nf8 21. Rfe1 Rxe1+ 22. Rxe1 g5 23. Re8 Qg6 24. Qd1 f5 25. Bh5 Qf6 26. h3 g6 27. Bf3 Kf7 28. Re1 Ne6 29. Qd2 f4 30. g4 Qg7 31. Qe2 Qf6 32. Kg2 Be7 33. Qd3 Re8 34. Nxa5 Nxd4 35. Nxb7 Ne6 36. Bxd5 cxd5 37. Qxd5 Bf8 38. c6 f3+ 39. Kg1 Qc3 40. Re3 Qc1+ 41. Kh2 Qf1 42. Rxf3+ Kg7 43. Qe5+ Kg8 44. Qf6 Re7 45. Nd6 Rg7 46. Qxe6+ Kh7 47. Nf7 Bc5 48. Nxg5+ Kh6 49. Ne4 Bxb6 50. g5+ Kh7 51. Nf6+ Kh8 52. Qe8+ 1-0

[Event "November 21 Late 2023"]
[Site "https://www.chess.com"]
[Date "2023.11.21"]
[Round "7"]
[White "zano2023"]
[Black "Van Osch, Mees"]
[Result "0-1"]
[Board "98"]
[TimeControl "180+1"]
[BlackFideId "1035967"]
[WhiteElo "2218"]
[BlackElo "2324"]
[BlackTeam "NED"]
[WhiteClock "0:01:06"]
[BlackClock "0:01:35"]

1. d4 d6 2. Nf3 Nf6 3. Nbd2 Bg4 4. e4 Nc6 5. c3 g6 6. Bd3 Bh6 7. h3 Bxf3 8. Nxf3 Bxc1 9. Qxc1 O-O 10. Qh6 e5 11. d5 Ne7 12. Ng5 Kh8 13. O-O Neg8 14. Qh4 Nh5 15. g4 h6 16. gxh5 hxg5 17. Qg4 Nh6 18. Qf3 Kg7 19. Qe2 Qd7 20. Kh2 g4 21. hxg6 fxg6 22. Rg1 Rf4 23. Rg3 Raf8 24. Rg2 gxh3 0-1

[Event "November 21 Late 2023"]
[Site "https://www.chess.com"]
[Date "2023.11.21"]
[Round "7"]
[White "Feliz Dotel, Dewar Bienvenido"]
[Black "Estrada Nieto, Julian"]
[Result "0-1"]
[Board "99"]
[TimeControl "180+1"]
[WhiteFideId "6402801"]
[BlackFideId "5101018"]
[WhiteElo "2069"]
[BlackElo "2161"]
[WhiteTeam "DOM"]
[BlackTeam "ESP"]
[WhiteClock "0:00:00"]
[BlackClock "0:00:49"]

1. d4 Nf6 2. e3 d5 3. Nf3 c5 4. dxc5 e6 5. c4 Bxc5 6. Nc3 dxc4 7. Qxd8+ Kxd8 8. Bxc4 a6 9. O-O Ke7 10. a3 b5 11. Be2 Bb7 12. b4 Bd6 13. Bb2 Nbd7 14. Rac1 Rhc8 15. Nb1 g6 16. h3 Ne4 17. Nbd2 Nxd2 18. Nxd2 Nb6 19. Bd4 Na4 20. Bf3 Bxf3 21. Nxf3 f6 22. Nd2 e5 23. Ba1 Rxc1 24. Rxc1 a5 25. Ne4 axb4 26. Nxd6 Kxd6 27. axb4 Nb6 28. f4 Nc4 29. fxe5+ fxe5 30. Rd1+ Ke6 31. e4 Ra2 32. Bc3 Rxg2+ 33. Kh1 Rg3 34. Be1 Rxh3+ 35. Kg2 Re3 36. Bf2 Rxe4 37. Rd8 Re2 38. Kf3 Rd2 39. Re8+ Kf7 40. Rb8 e4+ 41. Kg3 e3 42. Be1 Rd1 43. Bc3 Rc1 44. Rxb5 Rxc3 45. Rb7+ Kf6 46. b5 Rc2 0-1

[Event "November 21 Late 2023"]
[Site "https://www.chess.com"]
[Date "2023.11.21"]
[Round "7"]
[White "Gallegos Diaz, Carlos Alberto"]
[Black "Schmakel, Sam"]
[Result "0-1"]
[Board "100"]
[TimeControl "180+1"]
[WhiteFideId "3900886"]
[BlackFideId "2039311"]
[WhiteElo "2362"]
[BlackElo "2356"]
[WhiteTeam "VEN"]
[BlackTeam "USA"]
[WhiteClock "0:00:08"]
[BlackClock "0:01:05"]

1. e4 e5 2. Nf3 Nc6 3. d3 Bc5 4. Be2 Nf6 5. O-O d5 6. Nbd2 a5 7. c3 O-O 8. exd5 Nxd5 9. Nc4 Re8 10. h3 h6 11. a4 Qf6 12. Re1 Bf5 13. Bf1 Rad8 14. Qb3 b6 15. Ncd2 Nf4 16. Ne4 Bxe4 17. dxe4 Nxh3+ 18. gxh3 Qxf3 19. Be3 Rd2 20. Bg2 Qf6 21. Qb5 Bxe3 0-1

[Event "November 21 Late 2023"]
[Site "https://www.chess.com"]
[Date "2023.11.21"]
[Round "7"]
[White "Szente Varga, Fruzsina"]
[Black "Toniutti, Ezio"]
[Result "0-1"]
[Board "101"]
[TimeControl "180+1"]
[WhiteFideId "712264"]
[BlackFideId "113034"]
[WhiteElo "1994"]
[BlackElo "2215"]
[WhiteTeam "HUN"]
[BlackTeam "ARG"]
[WhiteClock "0:00:48"]
[BlackClock "0:00:15"]

1. e4 e5 2. d4 exd4 3. Qxd4 Nc6 4. Qe3 Nf6 5. Nc3 Bb4 6. Bd2 O-O 7. a3 Ba5 8. O-O-O Re8 9. f3 d5 10. Qg5 d4 11. Nce2 Bb6 12. h4 Be6 13. Nf4 Qd6 14. h5 h6 15. Qh4 Ne5 16. g4 Nh7 17. Nxe6 Qxe6 18. Kb1 d3 19. Bc3 dxc2+ 20. Kxc2 Bxg1 21. Rxg1 Nxf3 22. Qf2 Nxg1 23. Qxg1 Ng5 24. Bd3 Rad8 25. Re1 Nf3 26. Qg2 Nxe1+ 27. Bxe1 Rxd3 28. Kxd3 Qb3+ 29. Bc3 Rd8+ 30. Ke3 Qb6+ 31. Ke2 Qb5+ 32. Ke1 Qd3 33. Qe2 Qg3+ 34. Kf1 Rd3 35. Be1 Rf3+ 36. Bf2 Qxg4 37. Ke1 Qxh5 38. Bd4 Qh1+ 39. Kd2 Qf1 40. Qh2 Qd3+ 41. Kc1 Rf1# 0-1

[Event "November 21 Late 2023"]
[Site "https://www.chess.com"]
[Date "2023.11.21"]
[Round "7"]
[White "Eggleston, Thomas A"]
[Black "ExchangeAB"]
[Result "1-0"]
[Board "102"]
[TimeControl "180+1"]
[WhiteFideId "412139"]
[WhiteElo "2169"]
[BlackElo "2481"]
[WhiteTeam "ENG"]
[WhiteClock "0:01:21"]
[BlackClock "0:01:05"]

1. e4 c6 2. Nf3 d5 3. d3 Bg4 4. Nbd2 e6 5. h3 Bh5 6. g4 Bg6 7. Ne5 Nd7 8. Nxg6 hxg6 9. Bg2 Bc5 10. b4 Bxb4 11. Rb1 Bxd2+ 12. Qxd2 Qc7 13. Ba3 Ngf6 14. f4 O-O-O 15. e5 Ng8 16. Bd6 Qb6 17. Rxb6 axb6 18. Kf2 f6 19. Qb4 fxe5 20. fxe5 Nh6 21. Qa3 Nc5 22. Qa7 Nf7 23. Qb8+ Kd7 24. Qc7+ Ke8 25. Qe7# 1-0

[Event "November 21 Late 2023"]
[Site "https://www.chess.com"]
[Date "2023.11.21"]
[Round "7"]
[White "Serban, Cristian-Stefan"]
[Black "Cooper, Aaron"]
[Result "1-0"]
[Board "103"]
[TimeControl "180+1"]
[WhiteFideId "1241443"]
[BlackFideId "2634945"]
[WhiteElo "2028"]
[BlackElo "2333"]
[WhiteTeam "ROU"]
[BlackTeam "CAN"]
[WhiteClock "0:01:02"]
[BlackClock "0:00:02"]

1. Nf3 Nf6 2. e3 d5 3. c4 e6 4. b3 Be7 5. Bb2 O-O 6. d4 c5 7. Nc3 Nc6 8. cxd5 exd5 9. Be2 cxd4 10. Nxd4 Re8 11. O-O Be6 12. Bf3 Ne5 13. Be2 a6 14. Rc1 Qd7 15. Nf3 Ng6 16. Na4 Qd6 17. Qd4 b5 18. Nc5 Bf8 19. a4 Rab8 20. axb5 axb5 21. Nxe6 fxe6 22. Rfd1 Qb6 23. Qxb6 Rxb6 24. Nd4 b4 25. Rc7 Ne4 26. Rdc1 Ne5 27. Nb5 Nf7 28. Bd4 Rbb8 29. Na7 e5 30. Bb2 Ra8 31. Bb5 Reb8 32. Bc6 Rxa7 33. Rxa7 Rd8 34. Rd1 Nc3 35. Bxc3 bxc3 36. Bxd5 c2 37. Bxf7+ Kh8 38. Rf1 Rd1 39. Ra1 1-0

[Event "November 21 Late 2023"]
[Site "https://www.chess.com"]
[Date "2023.11.21"]
[Round "7"]
[White "Silvestre, Christian"]
[Black "Urbina Perez, Juan Antonio"]
[Result "1-0"]
[Board "104"]
[TimeControl "180+1"]
[WhiteFideId "30956269"]
[BlackFideId "2217368"]
[WhiteElo "2326"]
[BlackElo "2185"]
[WhiteTeam "USA"]
[BlackTeam "ESP"]
[WhiteClock "0:00:46"]
[BlackClock "0:01:08"]

1. e4 c6 2. Nf3 d5 3. exd5 cxd5 4. g3 Nf6 5. Bg2 Nc6 6. O-O g6 7. d4 Bg7 8. c3 O-O 9. Re1 Bg4 10. h3 Be6 11. Nbd2 Qc8 12. Kh2 b5 13. Nb3 b4 14. Nc5 Bd7 15. cxb4 Nxb4 16. Rxe7 Bf5 17. Bf4 Ne4 18. Rc7 Qd8 19. Nb7 Qe8 20. Nd6 Qe6 21. Nxf5 Qxf5 22. Qb3 a5 23. Rf1 g5 24. Be5 g4 25. Nh4 Qh5 26. Bxg7 Kxg7 27. hxg4 Qxg4 28. Bh3 Qe2 29. Qe3 Qxe3 30. fxe3 Rac8 31. Rxc8 Rxc8 32. Bxc8 1-0

[Event "November 21 Late 2023"]
[Site "https://www.chess.com"]
[Date "2023.11.21"]
[Round "7"]
[White "Shapiro, Daniel"]
[Black "Shton, Roman"]
[Result "0-1"]
[Board "105"]
[TimeControl "180+1"]
[WhiteFideId "2001780"]
[BlackFideId "14137461"]
[WhiteElo "2326"]
[BlackElo "2027"]
[WhiteTeam "USA"]
[BlackTeam "UKR"]
[WhiteClock "0:00:00"]
[BlackClock "0:00:09"]

1. d4 Nf6 2. c4 e6 3. g3 d5 4. Nf3 Be7 5. Bg2 O-O 6. O-O dxc4 7. Ne5 Nc6 8. Bxc6 bxc6 9. Nxc6 Qe8 10. Nxe7+ Qxe7 11. Qa4 c5 12. Qxc4 cxd4 13. Qxd4 Bb7 14. Nc3 Rfd8 15. Qh4 h6 16. Be3 Ba6 17. Rfd1 Rab8 18. b3 Rdc8 19. Rac1 Rb4 20. Rd4 Rcb8 21. f3 e5 22. Rxb4 Rxb4 23. Qh3 e4 24. Kf2 exf3 25. exf3 Rb7 26. Qf5 Rd7 27. Qc2 Rd3 28. Re1 Qb4 29. Bd2 Qb7 30. Re3 Qd7 31. Bc1 Qf5 32. Rxd3 Bxd3 33. Qd2 Ng4+ 34. Kg2 Ne5 35. Qf4 Qe6 36. Qd4 Bf5 37. g4 Bg6 38. Qxa7 Nd3 39. Qe3 Qc6 40. Bd2 f6 41. Ne4 Ne5 42. Qc5 Bxe4 43. Qxc6 Bxc6 44. b4 Nxf3 45. Be3 Ne5+ 46. Kg3 Nc4 47. Bc5 Kf7 48. h4 g6 49. Kf4 Ke6 50. h5 gxh5 51. gxh5 Be8 52. Bd4 Bxh5 53. a4 Be8 54. a5 Bb5 55. Bf2 h5 56. Bh4 Nd2 57. Bf2 Nc4 58. Bh4 Nb2 59. Ke4 Nd3 60. Kd4 Kf5 61. Ke3 Ke5 62. Bg3+ Kd5 63. Bh4 f5 64. Bg5 Kc4 65. Bh4 Nxb4 66. Kf4 Bd7 67. Kg5 Kb5 0-1

[Event "November 21 Late 2023"]
[Site "https://www.chess.com"]
[Date "2023.11.21"]
[Round "7"]
[White "Joie, Sebastien"]
[Black "Modric, Nesa"]
[Result "1-0"]
[Board "106"]
[TimeControl "180+1"]
[WhiteFideId "650420"]
[BlackFideId "922579"]
[WhiteElo "2396"]
[BlackElo "2167"]
[WhiteTeam "FRA"]
[BlackTeam "SRB"]
[WhiteClock "0:01:21"]
[BlackClock "0:01:42"]

1. d4 d5 2. c4 e6 3. Nc3 Nf6 4. Nf3 Be7 5. e3 O-O 6. Bd3 b6 7. Ne5 Bb7 8. cxd5 exd5 9. O-O Nbd7 10. f4 c5 11. Qf3 c4 12. Bc2 a6 13. Qh3 b5 14. Nxd7 Qxd7 15. Bxh7+ 1-0

[Event "November 21 Late 2023"]
[Site "https://www.chess.com"]
[Date "2023.11.21"]
[Round "7"]
[White "Minko, Dmitry"]
[Black "Rose, Felix"]
[Result "1/2-1/2"]
[Board "107"]
[TimeControl "180+1"]
[WhiteFideId "24188468"]
[BlackFideId "5105722"]
[WhiteElo "1992"]
[BlackElo "2039"]
[WhiteTeam "FID"]
[BlackTeam "MEX"]
[WhiteClock "0:01:06"]
[BlackClock "0:00:44"]

1. e4 e5 2. Nf3 Nc6 3. d4 exd4 4. Nxd4 Nf6 5. Nc3 Bb4 6. Nxc6 bxc6 7. Bd3 d5 8. exd5 O-O 9. O-O cxd5 10. Bg5 c6 11. Qf3 h6 12. Bxf6 Qxf6 13. Qxf6 gxf6 14. Ne2 Bd6 15. Rad1 Rb8 16. b3 a5 17. Nd4 c5 18. Nf5 Bxf5 19. Bxf5 d4 20. c3 Be5 21. f4 Bc7 22. cxd4 cxd4 23. Rf3 Rfd8 24. Rdf1 a4 25. Rg3+ Kf8 26. Rh3 axb3 27. axb3 d3 28. Bxd3 Rxb3 29. Bf5 Rxh3 30. Bxh3 Rd4 31. g3 Rd2 32. Bg2 Bb6+ 33. Kh1 h5 34. h4 Bf2 35. Kh2 Kg7 36. Kh3 Rb2 37. Bf3 Kh6 38. g4 hxg4+ 39. Kxg4 Be3 40. Re1 Bd2 41. Re8 Rb4 42. Be4 Kg7 43. h5 Be1 44. Bd5 Bd2 45. Be4 Rd4 46. Kf5 Rb4 47. h6+ Kxh6 48. Kxf6 Rb6+ 49. Kf5 Kg7 50. Re7 Rf6+ 51. Kg4 Rxf4+ 52. Kg3 Rf6 53. Re8 Bf4+ 54. Kg4 Bd6 55. Kg5 Bf4+ 56. Kg4 Bc1 57. Re5 Rf4+ 58. Kg3 Rf6 59. Rf5 Rxf5 60. Bxf5 Kf6 61. Bc2 Ke5 62. Bb1 Bf4+ 63. Kf3 Bc1 64. Bc2 f6 65. Bb1 Bb2 66. Bc2 Bc3 67. Bb1 Kd4 68. Bc2 Kc5 69. Bh7 Be5 70. Bg6 Kd4 71. Bh7 Kc3 72. Bg8 Kd2 73. Bh7 Ke1 74. Bg8 Kd2 75. Bh7 Kc3 76. Bg8 Kd4 77. Ba2 Kc5 78. Bb1 Kd6 79. Bh7 Ba1 80. Bb1 Ke5 81. Ba2 f5 82. Bg8 f4 83. Ba2 Bd4 84. Bb1 Be3 85. Be4 Kd4 86. Ba8 Kc3 87. Be4 Kd2 88. Ba8 Kc3 89. Be4 Kd2 90. Ba8 Kc3 1/2-1/2